2600 views
Uploaded 2020-02-09 16:26:23
Game version 1.32 / 1.32.1
11:01 long 1on1 custom game on (2)Amazonia
Game name "Rodo"
Saved by Grim
2600 views
Uploaded 2020-02-09 16:26:23
Game version 1.32 / 1.32.1
11:01 long 1on1 custom game on (2)Amazonia
Game name "Rodo"

15 units @ 2.7k
/ 0.4k
9 buildings @ 1.5k
/ 0.5k


| Rod of Necromancy | 4 | 600 |
| Potion of Healing | 1 | 150 |
| Sacrificial Skull | 1 | 50 |
| Dust of Appearance | 1 | 75 |
| total: | 7 | 875g |
| Acolyte | 2 | 150 | / | 0 |
| Ghoul | 2 | 240 | / | 0 |
| Crypt Fiend | 10 | 2150 | / | 400 |
| Obsidian Statue | 1 | 200 | / | 35 |
| total: | 15 | 2740g | / | 435w |
| Crypt | 1 | 200 | / | 50 |
| Altar of Darkness | 1 | 180 | / | 50 |
| Ziggurat | 4 | 600 | / | 200 |
| Graveyard | 1 | 215 | / | 0 |
| Tomb of Relics | 1 | 130 | / | 30 |
| Slaughterhouse | 1 | 140 | / | 135 |
| Halls of the Dead | 2 | 640 | / | 420 |
| Black Citadel | 1 | 325 | / | 230 |
| total: | 9 | 1465g | / | 465w |
| 0:01 | Acolyte |
| 0:04 | Acolyte |
| 0:07 | Crypt |
| 0:11 | Altar of Darkness |
| 0:31 | Ziggurat |
| 0:56 | Graveyard |
| 1:09 | Ghoul |
| 1:24 | Ghoul |
| 1:36 | Tomb of Relics |
| 1:49 | Ziggurat |
| 2:17 | Crypt Fiend |
| 2:17 | Crypt Fiend |
| 2:19 | Death Coil |
| 2:37 | Rod of Necromancy |
| 2:38 | Dust of Appearance |
| 2:59 | Crypt Fiend |
| 3:25 | Halls of the Dead |
| 4:02 | Crypt Fiend |
| 4:09 | Ziggurat |
| 4:25 | Unholy Aura |
| 4:27 | Crypt Fiend |
| 4:41 | Rod of Necromancy |
| 5:19 | Ziggurat |
| 5:21 | Crypt Fiend |
| 6:05 | Slaughterhouse |
| 6:08 | Death Coil |
| 6:29 | Burrow |
| 6:52 | Frost Armor |
| 6:54 | Rod of Necromancy |
| 7:08 | Obsidian Statue |
| 7:35 | Crypt Fiend |
| 7:39 | Unholy Aura |
| 8:05 | Rod of Necromancy |
| 8:07 | Potion of Healing |
| 8:11 | Crypt Fiend |
| 8:14 | Sacrificial Skull |
| 9:55 | Crypt Fiend |
| 9:57 | Frost Nova |
| 10:52 | Crypt Fiend |
| 10:53 | Black Citadel |
| Right click | 837 |
| Select group | 406 |
| Assign group | 294 |
| Select | 241 |
| Build/train/purchase | 104 |
| Use ability | 38 |
| Item give/drop | 2 |
23 units @ 3.5k
/ 0.1k
10 buildings @ 1.6k
/ 0.5k


| Healing Salve | 1 | 100 |
| total: | 1 | 100g |
| Peon | 7 | 525 | / | 0 |
| Grunt | 12 | 2400 | / | 0 |
| Troll Headhunter | 4 | 560 | / | 80 |
| total: | 23 | 3485g | / | 80w |
| Altar of Storms | 1 | 180 | / | 50 |
| Orc Burrow | 5 | 800 | / | 200 |
| Voodoo Lounge | 1 | 130 | / | 30 |
| Barracks | 1 | 180 | / | 50 |
| War Mill | 1 | 205 | / | 0 |
| Spirit Lodge | 1 | 150 | / | 150 |
| Stronghold | 1 | 315 | / | 190 |
| Fortress | 1 | 325 | / | 190 |
| total: | 10 | 1645g | / | 480w |
| 0:02 | Peon |
| 0:02 | Peon |
| 0:07 | Altar of Storms |
| 0:12 | Orc Burrow |
| 0:30 | Voodoo Lounge |
| 0:33 | Peon |
| 0:41 | Peon |
| 0:51 | Peon |
| 1:19 | Barracks |
| 1:23 | Peon |
| 1:26 | Peon |
| 1:49 | Orc Burrow |
| 2:05 | Healing Salve |
| 2:08 | Wind Walk |
| 2:20 | Grunt |
| 2:59 | Grunt |
| 3:02 | Orc Burrow |
| 3:14 | War Mill |
| 4:05 | Stronghold |
| 4:06 | Grunt |
| 4:22 | Grunt |
| 4:37 | Steel Melee Weapons |
| 4:49 | Orc Burrow |
| 5:16 | Grunt |
| 5:41 | Troll Headhunter |
| 6:04 | Critical Strike |
| 6:10 | Troll Headhunter |
| 6:23 | Troll Headhunter |
| 6:30 | Berserker Strength |
| 6:53 | Orc Burrow |
| 7:34 | Healing Wave |
| 8:05 | Grunt |
| 8:07 | Fortress |
| 8:12 | Spirit Lodge |
| 8:22 | Troll Headhunter |
| 8:24 | Steel Armor |
| 8:51 | Grunt |
| 8:55 | Wind Walk |
| 9:02 | Grunt |
| 9:15 | Hex |
| 9:25 | Grunt |
| 9:41 | Grunt |
| 10:09 | Grunt |
| 10:34 | Grunt |
| Right click | 425 |
| Select | 156 |
| Select group | 55 |
| Build/train/purchase | 44 |
| Use ability | 11 |
| Assign group | 9 |
| Item give/drop | 1 |